 Dungeon Crawl Stone Soup version 0.20.1-1-g8b1a95d (webtiles) character file.

644 froobite the Slasher (level 7, -1/62 HPs)
             Began as a Minotaur Berserker on Aug 2, 2017.
             Was a Priest of Trog.
             Killed from afar by an orc wizard (2 damage)
             ... with a magic dart
             ... on level 5 of the Dungeon.
             The game lasted 00:09:52 (2542 turns).

froobite the Slasher (Minotaur Berserker)           Turns: 2542, Time: 00:09:54

Health: -1/62      AC: 10    Str: 23    XL:     7   Next: 27%
Magic:  6/6        EV:  9    Int:  4    God:    Trog [***...]
Gold:   202        SH:  0    Dex: 10    Spells: 6/6 levels left

rFire    . . .     SeeInvis .   a - +0 falchion
rCold    . . .     Gourm    .   (no shield)
rNeg     . . .     Faith    .   e - +0 chain mail
rPois    .         Spirit   .   (helmet restricted)
rElec    .         Reflect  .   (no cloak)
rCorr    .         Harm     .   k - +0 pair of gloves
MR       .....                  (no boots)
Stlth    ..........             (no amulet)
Regen    0.2/turn               (no ring)
MPRegen  0.1/turn               (no ring)

@: no status effects
A: retaliatory headbutt, horns 2
a: Berserk, Trog's Hand, Burn Spellbooks, Renounce Religion


You were on level 5 of the Dungeon.
You worshipped Trog.
Trog was most pleased with you.
You were near starving.

You visited 1 branch of the dungeon, and saw 5 of its levels.

You collected 202 gold pieces.

Inventory:

Hand Weapons
 a - a +0 falchion (weapon)
 d - a +0 dagger of protection
 g - a cursed +0 short sword
 s - a +0 blowgun
Missiles
 i - 5 tomahawks (quivered)
Armour
 b - a +0 animal skin
 e - a +0 chain mail (worn)
 k - a +0 pair of gloves (worn)
Scrolls
 f - 2 scrolls of identify
 l - 3 scrolls of teleportation
Potions
 h - 3 potions of brilliance {unknown}
 j - a potion of flight {unknown}
 m - a potion of mutation {unknown}
 n - a potion of magic {unknown}
 o - a potion of berserk rage {unknown}
 q - a potion of haste {unknown}
 t - a potion of might {unknown}
Comestibles
 c - 7 bread rations
 p - 2 royal jellies
 r - a meat ration


   Skills:
 + Level 5.8 Fighting
 + Level 7.2 Long Blades
 + Level 4.8 Armour
 + Level 3.5 Dodging
 + Level 0.5 Stealth


You had 6 spell levels left.
You didn't know any spells.

Dungeon Overview and Level Annotations

Branches:
Dungeon (5/15)
 Temple: D:4-7

Altars:
Elyvilon
Gozag

Shops:
D:5 %


Innate Abilities, Weirdness & Mutations

You reflexively headbutt those who attack you in melee.
You have a pair of horns on your head.


Message History

* * * LOW HITPOINT WARNING * * *
The orc wizard hits you but does no damage.
Things that are here:
a trident; a ring mail; an orc corpse You closely miss the orc wizard.
You headbutt the orc wizard, but do no damage.
The orc wizard hits you but does no damage.
The orc priest mumbles some strange prayers to Beogh against you.
Beogh smites you!
* * * LOW HITPOINT WARNING * * *
A worker ant comes into view.
You're too hungry.
You closely miss the orc wizard. Your headbutt misses the orc wizard.
The orc wizard hits you but does no damage.
The orc priest hits you with a hand axe.
* * * LOW HITPOINT WARNING * * *
The worker ant moves out of view.
The orc wizard gestures at you while chanting.
The magic dart hits you!
You die...

#......÷.....##########
#....∩.......<.........
##..........##########.
##...##...## ..
########.# #.# #.#
..##### ##.###o)....#
#..##oo..<..#
#.#..@#.(...# #...###
.o..# #.### .... #.#
... ##.# 5. #..# . #.##
#.# ###


You could see an orc priest, an orc wizard and an orc.

Vanquished Creatures
  A hippogriff (D:4)
  A phantom (D:5)
  An ogre (D:4)
  A scorpion (D:4)
  A hound (D:4)
  An orc priest (D:5)
  A bullfrog skeleton (D:4)
  A worker ant (D:4)
  3 gnolls (D:3)
  4 adders
  A shadow imp (D:5)
  3 worms (D:2)
  A leopard gecko (D:2)
  2 orcs
  2 giant cockroaches
  2 goblins (D:1)
  8 hobgoblins
  5 jackals
  A ball python (D:3)
  4 bats
  3 frilled lizards
  10 kobolds
  A leopard gecko skeleton (D:4)
  3 rats
61 creatures vanquished.

Notes
Turn   | Place    | Note
-------+----------+-------------------------------------------
     0 | D:1      | froobite the Minotaur Berserker began the quest for the Orb.
     0 | D:1      | Reached XP level 1. HP: 19/19 MP: 0/0
   165 | D:1      | Reached skill level 4 in Long Blades
   165 | D:1      | Reached XP level 2. HP: 19/27 MP: 1/1
   779 | D:2      | Reached XP level 3. HP: 26/33 MP: 2/2
   927 | D:2      | Reached ** piety under Trog
   934 | D:2      | Found an opulent altar of Gozag.
  1124 | D:2      | Found a white marble altar of Elyvilon.
  1334 | D:3      | Reached XP level 4. HP: 36/41 MP: 3/3
  1527 | D:3      | Reached skill level 5 in Long Blades
  1752 | D:4      | Noticed a hippogriff
  1765 | D:4      | Killed a hippogriff
  1765 | D:4      | Reached skill level 5 in Fighting
  1765 | D:4      | Reached skill level 6 in Long Blades
  1765 | D:4      | Reached XP level 5. HP: 48/48 MP: 4/4
  1765 | D:4      | Reached XP level 6. HP: 56/56 MP: 5/5
  2421 | D:5      | Entered Level 5 of the Dungeon
  2426 | D:5      | Found Winigh's Food Shoppe.
  2470 | D:5      | Reached XP level 7. HP: 56/61 MP: 6/6
  2471 | D:5      | Reached skill level 7 in Long Blades
  2539 | D:5      | Reached *** piety under Trog
  2541 | D:5      | HP: 2/62 [orc priest/divine providence (13)]
  2542 | D:5      | Killed from afar by an orc wizard

Skill      XL: |  1  2  3  4  5  6  7 |
---------------+----------------------+-----
Long Blades    | 4 6 7 |  7.2
Fighting       | 4 5 |  5.8
Dodging        | 3 |  3.5
Armour         | 3 4 |  4.8
Stealth        | |  0.5

Action                   |  1- 3 |  4- 6 |  7- 9 || total
-------------------------+-------+-------+-------++-------
Melee: Falchion          |    76 |    83 |    11 ||   170
       Headbutt          |     7 |    19 |     3 ||    29
Invok: Berserk           |       |     2 |       ||     2
  Use: Scroll            |     6 |     2 |       ||     8
  Eat: Bread ration      |     1 |       |       ||     1
       Chunk             |       |       |     1 ||     1
Armor: Animal skin       |    13 |       |       ||    13
       Chain mail        |    13 |    40 |     4 ||    57
Dodge: Dodged            |    53 |    45 |     5 ||   103
       Rpst.: Falchion   |     7 |    20 |     2 ||    29
